 Dungeon Crawl Stone Soup version 0.25-a0-528-g6b7c99946c (webtiles) character file.

Game seed: 5999102068578747722, levelgen mode: classic

36 EnegeticOcto the Shield-Bearer (level 3, 0/34 HPs)
             Began as a Deep Dwarf Fighter on Feb 19, 2020.
             Slain by a wight
             ... wielding a +0 flail
              (2 damage)
             ... on level 3 of the Dungeon.
             The game lasted 00:00:18 (316 turns).

EnegeticOcto the Shield-Bearer (Deep Dwarf Fighter)  Turns: 316, Time: 00:00:18

Health: 0/34       AC:  6    Str: 20    XL:     3   Next: 19%
Magic:  3/3        EV:  6    Int:  8    God:
Gold:   25         SH:  8    Dex: 12    Spells: 2/2 levels left

rFire    . . .     SeeInvis .   a - +0 war axe
rCold    . . .     Gourm    .   c - +0 kite shield
rNeg     . . .     Faith    .   b - +0 scale mail
rPois    .         Spirit   .   (no helmet)
rElec    .         Reflect  .   (no cloak)
rCorr    .         Harm     .   (no gloves)
MR       .....                  (no boots)
Stlth    ..........             (no amulet)
HPRegen  0.00/turn              d - ring of attention (curse)
MPRegen  0.08/turn              (no ring)

@: non-regenerating, heavily drained
A: damage resistance, heal wounds, sense surroundings 1, no regeneration
a: Heal Wounds


You were on level 3 of the Dungeon.
You were not hungry.

You visited 1 branch of the dungeon, and saw 3 of its levels.

You collected 25 gold pieces.

Inventory:

Hand Weapons
 a - a +0 war axe (weapon)
Armour
 b - a +0 scale mail (worn)
 c - a +0 kite shield (worn)
Jewellery
 d - a cursed ring of attention (left hand)
 i - an uncursed ring of protection from fire {unknown}
Scrolls
 f - a scroll of remove curse {unknown}
 j - a scroll of fear {unknown}
Potions
 h - a potion of brilliance {unknown}
 k - a potion of might {@q3}
 l - a potion of invisibility {unknown}
Comestibles
 e - 2 rations
 g - 15 chunks of flesh


   Skills:
 * Level 3.2(1.1) Fighting
 * Level 2.8(0.7) Axes
 + Level 3.5(1.3) Armour
 + Level 0.7(0.0) Dodging
 + Level 3.5(1.3) Shields


You had 2 spell levels left.
You didn't know any spells.
Your spell library was empty.

Dungeon Overview and Level Annotations

Branches:
Dungeon (3/15)

Altars:


Innate Abilities, Weirdness & Mutations

You are resistant to damage.
You can heal yourself by infusing magical energy.
You passively map a small area around you.
You do not regenerate.


Message History

You closely miss the leopard gecko.
The leopard gecko bites you but does no damage. x2
You slice the leopard gecko!!
You kill the leopard gecko!
No target in view!
No target in view!
No target in view!
You butcher the hobgoblin corpse.
g - 13 chunks of flesh (gained 4)
You butcher the quokka corpse.
g - 14 chunks of flesh (gained 1)
Things that are here:
a hobgoblin skeleton; a quokka skeleton
Things that are here:
a hobgoblin skeleton; a quokka skeleton You butcher the leopard gecko corpse.
g - 15 chunks of flesh (gained 1)
You see here a leopard gecko skeleton. x2
Found an escape hatch in the floor.
Found a mace.
A bat comes into view.
A bat is nearby!
A bat is nearby!
You block the bat's attack.
You hit the bat.
You kill the bat!
No target in view!
No target in view!
No target in view!
No target in view!
No target in view!
No target in view!
No target in view!
No target in view!
No target in view!
No target in view!
No target in view!
No target in view!
You now have 25 gold pieces (gained 6).
A kobold comes into view.
You hit the kobold.
You kill the kobold!
No target in view!
No target in view!
No target in view!
No target in view!
No target in view!
No target in view!
No target in view!
No target in view!
No target in view!
No target in view!
No target in view!
No target in view! 4 wights come into view.
You block the wight's attack. x2
You slash the wight!
The wight is heavily damaged.
You slash the wight! You block the wight's attack.
The wight hits you with a +0 flail.
You feel drained. The wight hits you with a +0 scimitar.
You feel drained.
The wight hits you from afar with a +4 halberd.
You feel drained. You block the wight's attack.
You hit the wight but do no damage.
The wight is heavily damaged.
You hit the wight. You closely miss the wight.
The wight hits you with a +0 scimitar!
You feel drained.
* * * LOW HITPOINT WARNING * * *
The wight closely misses you. You block the wight's attack. x2
You are too injured to fight recklessly!
You are too injured to fight recklessly!
You are too injured to fight recklessly!
You are too injured to fight recklessly!
You are too injured to fight recklessly!
You are too injured to fight recklessly!
You are too injured to fight recklessly!
You are too injured to fight recklessly!
You are too injured to fight recklessly!
You are too injured to fight recklessly!
You feel much better. The wight barely misses you.
You block the wight's attack. The wight hits you with a +0 scimitar!
The wight hits you with a +2 hand axe.
You feel much better. The wight barely misses you.
The wight hits you with a +0 flail!
You feel drained. The wight hits you but does no damage.
You block the wight's attack.
You barely miss the wight.
The wight is severely damaged.
You hit the wight. x2; You block the wight's attack.
The wight closely misses you. The wight hits you but does no damage.
The wight hits you from afar with a +4 halberd!
You hit the wight.
The wight is almost destroyed.
You hit the wight. You barely miss the wight.
The wight hits you with a +2 hand axe.
You feel drained.
The wight hits you from afar with a +4 halberd!
* * * LOW HITPOINT WARNING * * *
The wight hits you with a +0 flail!
* * * LOW HITPOINT WARNING * * *
You feel drained.
You die...

* #####
##...## ,
#z@#..#
#....zz#..#
,##...z##..#
, #....##..#
##..##...#
*#..##...#
####....#
##....# * ,
#..#.##


You could see 4 wights.

Vanquished Creatures
  An ooze (D:1)
  A dart slug (D:1)
  A leopard gecko (D:3)
  5 orcs (D:2)
  3 bats
  3 goblins
  3 hobgoblins
  2 kobolds
  A quokka (D:3)
  A frilled lizard (D:2)
  A rat (D:2)
22 creatures vanquished.

Notes
Turn   | Place    | Note
-------+----------+-------------------------------------------
     0 | D:1      | EnegeticOcto the Deep Dwarf Fighter began the quest for the
                  | Orb.
     0 | D:1      | Reached XP level 1. HP: 20/20 MP: 1/1
    44 | D:1      | Reached XP level 2. HP: 27/27 MP: 2/2
   226 | D:2      | Reached XP level 3. HP: 30/34 MP: 3/3
   316 | D:3      | Slain by a wight

Levels and vault maps discovered:
D:1:      scummos_arrival_hexagon, layout_basic
D:2:      layout_basic
D:3:      layout_rooms, old_standard_altar,
          chequers_ecumenical_altar_simple_redux, minmay_misc_feat_x

Skill      XL: |  1  2 |
---------------+-------+-----
Fighting       | 3 |  3.2
Axes           | |  2.8
Armour         | |  3.5
Dodging        | |  0.7
Shields        | |  3.5

Action                   || total
-------------------------++-------
Melee: War axe           ||    53
 Abil: Heal Wounds       ||     2
Armor: Scale mail        ||    17
Dodge: Dodged            ||    22
Block: Kite shield       ||    44

Table legend:
 A = Non-vault XP
 B = Vault XP
 C = Vault XP percentage of total XP
 D = Non-vault monster count
 E = Vault monster count
 F = Vault count percentage of total count
                 A         B        C        D         E       F
            +---------+---------+-------+---------+---------+-------
      Total |      52 |       0 |   0.0 |      22 |       0 |   0.0
            +---------+---------+-------+---------+---------+-------
        D:1 |      23 |       0 |   0.0 |       8 |       0 |   0.0
        D:2 |      18 |       0 |   0.0 |       8 |       0 |   0.0
        D:3 |      11 |       0 |   0.0 |       6 |       0 |   0.0
            +---------+---------+-------+---------+---------+-------
